 Dungeon Crawl Stone Soup version 0.20-a0-647-gf178af5 (webtiles) character file.

2543 Deathtrap2010 the Cleaver (level 9, -6/78 HPs)
             Began as a Minotaur Fighter on Feb 15, 2017.
             Was a Priest of Qazlal.
             Mangled by an orc warrior (13 damage)
             ... in a bailey.
             The game lasted 00:26:25 (5035 turns).

Deathtrap2010 the Cleaver (Minotaur Fighter)        Turns: 5035, Time: 00:26:26

Health: -6/78      AC: 17    Str: 28    XL:     9   Next: 30%
Magic:  8/8        EV:  7    Int:  8    God:    Qazlal [***...]
Gold:   777        SH: 16    Dex: 11    Spells: 8/8 levels left

rFire    x . .     SeeInvis .   a - +3 war axe
rCold    + . .     Gourm    .   l - +2 plate armour
rNeg     . . .     Faith    .   c - +0 shield
rPois    .         Spirit   .   k - +1 hat
rElec    .         Reflect  .   (no cloak)
rCorr    .         Harm     .   g - +0 pair of gloves
MR       .....                  (no boots)
Stlth    ..........             (no amulet)
Regen    0.3/turn               m - +3 ring of intelligence
MPRegen  0.2/turn               j - ring of ice

@: mighty, very slightly contaminated
A: retaliatory headbutt, horns 2, mutation resistance 1, wild magic 1
a: Upheaval, Elemental Force, Renounce Religion


You were in a bailey.
You worshipped Qazlal.
Qazlal was most pleased with you.
You were not hungry.

You visited 2 branches of the dungeon, and saw 8 of its levels.
You also visited: Ossuary and Bailey.

You collected 777 gold pieces.

Inventory:

Hand Weapons
 a - a +3 war axe (weapon)
Armour
 c - a +0 shield (worn)
 g - a +0 pair of gloves (worn)
 k - a +1 hat (worn)
 l - a +2 plate armour (worn)
Jewellery
 j - a ring of ice (left hand)
 m - a +3 ring of intelligence (right hand)
Wands
 f - a wand of clouds (6/9)
Scrolls
 p - a scroll of recharging
 s - a scroll of fear
Potions
 b - 2 potions of curing
 d - 5 potions of might
 r - a potion of cancellation
Comestibles
 h - 3 royal jellies
 i - 6 fruits


   Skills:
 * Level 6.6 Fighting
 * Level 10.3 Axes
 * Level 7.1 Armour
 + Level 1.4 Dodging
 * Level 8.3 Shields


You had 8 spell levels left.
You didn't know any spells.

Dungeon Overview and Level Annotations

Branches:
Dungeon (7/15)             Temple (1/1) D:4

Altars:
Ashenzari
Cheibriados
Dithmenos
Elyvilon
Fedhas
Gozag
Hepliaklqana
Kikubaaqudgha
Makhleb
Nemelex Xobeh
Okawaru
Qazlal
Ru
Sif Muna
Trog
Uskayaw
Vehumet
Xom
Yredelemnul
Zin
The Shining One


Innate Abilities, Weirdness & Mutations

You reflexively headbutt those who attack you in melee.
You have a pair of horns on your head.
You are somewhat resistant to further mutation.
Your spells are a little harder to cast, but a little more powerful.


Message History

You hear a shout!
As you read the scroll of identify, it crumbles to dust.
f - a wand of clouds (6/9)
An orc warrior comes into view. It is wielding an arbalest.
The orc warrior shoots a bolt.
The bolt hits you!
* * * LOW HITPOINT WARNING * * *
You see here a bolt.
You closely miss the orc warrior. You headbutt the orc warrior!!
The orc warrior is almost dead.
The orc warrior unwields an uncursed arbalest.
The orc warrior hits you!
* * * LOW HITPOINT WARNING * * *
You barely miss the orc warrior. Your headbutt misses the orc warrior.
The orc warrior is almost dead.
You hear a shout!
The orc warrior hits you but does no damage.
You completely miss the orc warrior.
The orc warrior is almost dead.
The orc warrior hits you!
You die...

### ### ##
##∩###########.##
..##.∩.##.....##(§.#
≈..#...#..≈≈≈..#@..#
≈≈.......≈≈o≈≈.#o§(#
o≈(((....≈ooo≈.'((.#
≈≈.......≈≈o≈≈)#)(.#
≈..#(.(#(.≈≈≈.(#...#
..##...##(...(##...#
## ##∩###########.##
### ###


You could see an orc warrior.

Vanquished Creatures
  An orc knight (Bailey)
  Grinder (D:6)
  2 orc warriors
  A black bear (D:6)
  An ogre (D:6)
  2 centaurs (D:5)
  A bullfrog (D:6)
  A scorpion (D:6)
  3 wights (D:6)
  2 howler monkeys
  2 jellies (D:6)
  4 bullfrog skeletons
  5 orc priests
  A hound (D:5)
  5 orc wizards
  Crazy Yiuf (D:6)
  An iguana (D:5)
  Terence (D:2)
  A hound zombie (D:5)
  4 mummies
  4 gnolls (D:5)
  12 adders
  10 river rats (D:4)
  A shadow imp (D:5)
  An ooze (D:1)
  5 adder zombies
  An adder skeleton (D:6)
  A worm (D:3)
  A dart slug (D:4)
  5 leopard geckos
  32 orcs
  9 bats
  2 giant cockroaches
  A gnoll zombie (Ossuary)
  13 goblins
  8 hobgoblins
  10 jackals
  4 quokkas
  A ball python (D:2)
  5 frilled lizards
  4 goblin zombies (Ossuary)
  4 hobgoblin zombies (Ossuary)
  4 kobolds
  3 kobold zombies
  A leopard gecko zombie (D:7)
  A quokka skeleton (D:4)
  3 quokka zombies (Ossuary)
  17 rats
  A rat zombie (Ossuary)
204 creatures vanquished.

Notes
Turn   | Place    | Note
-------+----------+-------------------------------------------
     0 | D:1      | Deathtrap2010 the Minotaur Fighter began the quest for the Orb.
     0 | D:1      | Reached XP level 1. HP: 19/19 MP: 0/0
   117 | D:1      | Found a radiant altar of Vehumet.
   130 | D:1      | Reached XP level 2. HP: 23/27 MP: 1/1
   752 | D:1      | Reached XP level 3. HP: 31/33 MP: 2/2
   882 | D:2      | Reached skill level 3 in Axes
  1193 | D:2      | Noticed Terence
  1202 | D:2      | Killed Terence
  1202 | D:2      | Reached XP level 4. HP: 36/40 MP: 3/3
  1601 | D:3      | Reached skill level 4 in Axes
  2008 | D:4      | Reached XP level 5. HP: 46/46 MP: 4/4
  2140 | D:4      | Reached skill level 5 in Axes
  2149 | D:4      | Reached skill level 5 in Armour
  2149 | D:4      | Reached XP level 6. HP: 26/52 MP: 5/5
  2152 | D:4      | Reached skill level 5 in Shields
  2320 | D:4      | Found a staircase to the Ecumenical Temple.
  2346 | Temple   | Entered the Ecumenical Temple
  2459 | Temple   | Became a worshipper of Qazlal Stormbringer
  2733 | D:5      | Entered Level 5 of the Dungeon
  2788 | D:5      | Reached skill level 6 in Axes
  2903 | D:5      | Reached XP level 7. HP: 53/60 MP: 6/6
  2941 | D:5      | Reached skill level 1 in Dodging
  3109 | D:5      | Reached skill level 7 in Axes
  3207 | D:5      | Reached skill level 5 in Fighting
  3292 | D:5      | Reached * piety under Qazlal
  3319 | D:5      | Gained mutation: Your spells are a little harder to cast, but a little more powerful. [potion of mutation]
  3319 | D:5      | Gained mutation: You are somewhat resistant to further mutation. [potion of mutation]
  3673 | D:6      | Reached skill level 8 in Axes
  3673 | D:6      | Reached XP level 8. HP: 39/68 MP: 7/7
  3765 | D:6      | Noticed Grinder
  3779 | D:6      | Killed Grinder
  3813 | D:6      | Reached skill level 9 in Axes
  3821 | D:6      | Found an iron altar of Okawaru.
  4014 | D:6      | Reached ** piety under Qazlal
  4107 | D:6      | Found a sand-covered staircase.
  4147 | Ossuary  | Entered an ossuary
  4275 | Ossuary  | Identified a scroll of acquirement
  4607 | D:6      | Found a runed door.
  4611 | D:6      | Noticed Crazy Yiuf
  4613 | D:6      | Killed Crazy Yiuf
  4613 | D:6      | Reached XP level 9. HP: 75/75 MP: 8/8
  4708 | D:7      | Reached *** piety under Qazlal
  4749 | D:7      | Found a flagged portal.
  4770 | Bailey   | Entered a bailey
  4988 | Bailey   | Noticed an orc knight
  5016 | Bailey   | Killed an orc knight
  5016 | Bailey   | Reached skill level 10 in Axes
  5035 | Bailey   | Mangled by an orc warrior

Vault maps used:
D:1:      eino_arrival_water_cross, minmay_hexomino_r4
D:2:      uniq_terence
D:3:      kennysheep_the_goblin_king, first_bread
D:4:      temple_green, minivault_23, corexii_hall_statues_x,
          dk_rats_in_the_wall
D:6:      nicolae_ossuary_entry_giza, okawaru_gym_becter, uniq_grinder,
          uniq_edmund, uniq_crazy_yiuf_cottage
D:7:      lightli_bailey_entry_fortress
Temple:   dpeg_three_leaves_temple
Ossuary:  ossuary_minmay_chase
Bailey:   bailey_polearm_4, bailey

Skill      XL: |  1  2  3  4  5  6  7  8  9 |
---------------+----------------------------+-----
Armour         | 4 5 6 7 |  7.1
Shields        | 4 5 6 7 8 |  8.3
Axes           | 3 4 5 6 8 9 10 | 10.3
Fighting       | 4 5 6 |  6.6
Dodging        | 1 |  1.4

Action                   |  1- 3 |  4- 6 |  7- 9 || total
-------------------------+-------+-------+-------++-------
Melee: War axe           |    84 |   115 |   235 ||   434
       Headbutt          |     7 |    15 |    42 ||    64
  Use: Scroll            |     4 |     8 |    10 ||    22
       Potion            |     4 |     3 |     6 ||    13
  Eat: Bread ration      |     1 |     1 |     2 ||     4
Armor: Scale mail        |    54 |    55 |       ||   109
       Plate armour      |       |     2 |   121 ||   123
Dodge: Dodged            |    35 |    41 |    58 ||   134
Block: Shield            |    51 |    96 |   197 ||   344
